[Event "Austrian Championship 2022"]
[Site "Vienna"]
[Date "2022.08.12"]
[Round "1.11"]
[White "Leisch, Lukas"]
[Black "Teuschler, Barbara"]
[Result "1-0"]
[ECO "A20"]
[WhiteElo "2404"]
[BlackElo "2097"]
[Annotator "TA"]
[PlyCount "115"]
[EventDate "2022.08.12"]
[EventType "swiss"]
[EventCountry "AUT"]
[SourceTitle "playchess.com"]
[Source "ChessBase"]
[SourceQuality "1"]
[TimeControl "40/5400+30:1800+30"]

1. c4 Nf6 2. g3 e5 3. Bg2 h6 4. a3 c6 5. d4 exd4 6. Qxd4 {[%emt 0:00:10] A20: English Opening: 1...e5.} d5 7. Nf3 Be6 8. cxd5 {[%emt 0:00:44] White is slightly better.} Qxd5 9. Nc3 {[%emt 0:03:26] [#]} Qh5 $146 ({Predecessor:} 9... Qa5 10. Bd2 Qb6 11. Na4 Qxd4 12. Nxd4 Bd5 13. O-O Bxg2 14. Kxg2 Be7 15. Nf5 g6 16. Nxe7 Kxe7 {½-½ (62) Laqua,C (1986)-Jahnz,F (2135) Playchess.com INT 2020}) 10. h3 Nbd7 11. g4 Qa5 12. O-O Rd8 13. Qf4 g5 14. Qe3 Bc5 15. Qd3 Qc7 16. b4 Ne5 (16... Be7 $11 {remains equal.}) 17. Qc2 (17. Nb5 $1 $16 cxb5 18. Qxb5+ Nfd7 19. bxc5) 17... Nxf3+ 18. Bxf3 {[%emt 0:02:46] [#]} (18. exf3 $14 {was forced to keep a grip.} Bd6 19. Bb2) 18... Bd4 ({Much worse is} 18... Qg3+ $6 19. Bg2 Bb6 20. Bb2 $15) (18... h5 $1 $17 {( -> ...Qg3+)} 19. bxc5 hxg4) 19. Kg2 {[%emt 0:05:31][%mdl 8192] Prevents Qg3+.} (19. Bg2 $11) 19... a6 $2 (19... h5 $19 20. Nb5 Qe5 21. Nxd4 Rxd4) 20. Bb2 h5 21. Rh1 $1 hxg4 22. hxg4 Ke7 {[%emt 0:03:41] [#]} ({Better is} 22... Rh4 $15 23. Rad1 Bxg4 24. Rxh4 Bxf3+ 25. exf3 gxh4) 23. Nb5 $1 $11 axb5 24. Bxd4 {[%emt 0:00:01] Chess con chili.} Rxh1 25. Qc5+ Qd6 ({But not} 25... Ke8 26. Rxh1 Nd5 27. e3 $16) 26. Rxh1 {[%emt 0:00:02] Qxd6+ is the strong threat.} Qxc5 27. Bxc5+ Kd7 $1 28. Rd1+ (28. Kg3 $5 ) 28... Kc8 29. Rxd8+ Kxd8 {[%emt 0:00:00][%mdl 4096] Endgame KBB-KBN} 30. Be3 Nxg4 31. Bxg5+ Kd7 32. Kg3 Ne5 33. Be4 Nc4 34. Bc1 Kd6 35. Kf4 Bd5 36. Bh7 Be6 37. Ke4 Bh3 38. Kd4 Bf1 39. Bd3 Ne5 40. Bf4 f6 41. Ke4 {[%emt 0:39:16] And now Kf5 would win.} Ke6 42. Bxe5 fxe5 {[%emt 0:00:04] KB-KB} 43. Kf3 Kf6 44. Bh7 Bh3 45. Ke4 Bg2+ 46. f3 Ke6 $2 (46... Bh3 $11) 47. Bf5+ $18 Kf6 48. Bc8 b6 49. Bd7 c5 50. bxc5 bxc5 51. Bxb5 Ke6 52. Ba6 Bf1 53. Bc8+ (53. Bc4+ $142 Kd6 54. a4) 53... Kd6 54. Ke3 c4 55. Bf5 {[%emt 0:00:00] Black must now prevent Kf2.} c3 56. Bc2 Kc5 57. Kd3 Kb5 58. Kxc3 {[%emt 0:00:00] Never resign too early!  Weighted Error Value: White=0.28 (precise) /Black=0.37} 1-0

[Event "Austrian Championship 2022"]
[Site "Vienna"]
[Date "2022.08.12"]
[Round "1.12"]
[White "Ernst, Robert"]
[Black "Kilgus, Georg"]
[Result "0-1"]
[ECO "E45"]
[WhiteElo "2001"]
[BlackElo "2386"]
[Annotator "TA"]
[PlyCount "48"]
[EventDate "2022.08.12"]
[EventType "swiss"]
[EventCountry "AUT"]
[SourceTitle "playchess.com"]
[Source "ChessBase"]
[SourceQuality "1"]
[TimeControl "40/5400+30:1800+30"]

1. d4 Nf6 2. c4 e6 3. Nc3 Bb4 4. e3 b6 5. Nge2 Ba6 6. a3 Bxc3+ {[%emt 0:00:11] 6...Bxc3+ scores better than 6...Be7.} 7. Nxc3 d5 8. cxd5 {[%emt 0:08:21] [#] Threatens to win with Bxa6.} Bxf1 {[%emt 0:01:56] E45: Nimzo-Indian: Rubinstein: 4...b6 5 Ne2 Ba6.} 9. Kxf1 exd5 10. b4 O-O {[%emt 0:01:52] The position is equal.} 11. Bb2 {[%emt 0:03:56] [#]} Re8 $146 ({Predecessor:} 11... c6 12. g3 Re8 13. Kg2 Qe7 14. Qf3 a6 15. Rhc1 Nbd7 16. Rc2 Rac8 17. Rac1 Nf8 {0-1 (26) Kim,I (1900)-Viswanath,G (2101) San Francisco 2016}) 12. Rc1 c6 13. b5 a6 14. a4 Qd7 15. Qb3 c5 16. dxc5 bxc5 17. Rd1 c4 (17... d4 $15 {deserves consideration.} 18. exd4 Qf5) 18. Qb4 (18. Qc2 $1 $11) 18... Qf5 $17 {[%emt 0:03:34] [#] aiming for ...Ng4.} 19. Qc5 $2 {[%emt 0:15:58][%mdl 8192] Now White is beyond hope.} (19. Kg1 $17 {is tougher.}) 19... Qc2 $19 {[%emt 0:04:34] ( -> ...Ne4). Black is clearly winning.} 20. Qd4 Qxb2 21. Rd2 Qc1+ 22. Rd1 Qc2 {[%emt 0:00:07] And now ...axb5 would win.} 23. Nxd5 Nxd5 (23... Ne4 $142 24. Rd2 Nxd2+ 25. Ke1 Qc1+ 26. Ke2 Qxh1 27. Qxd2 Qxh2) 24. Qxd5 Qxa4 {[%emt 0:00:07] Weighted Error Value: White=0.91/Black=0.32} 0-1

[Event "Austrian Championship 2022"]
[Site "Vienna"]
[Date "2022.08.12"]
[Round "1.13"]
[White "Sadilek, Peter"]
[Black "Hoegl, Emanuel"]
[Result "1-0"]
[ECO "E04"]
[WhiteElo "2330"]
[BlackElo "2094"]
[Annotator "TA"]
[PlyCount "71"]
[EventDate "2022.08.12"]
[EventType "swiss"]
[EventCountry "AUT"]
[SourceTitle "playchess.com"]
[Source "ChessBase"]
[SourceQuality "1"]
[TimeControl "40/5400+30:1800+30"]

1. d4 d5 2. c4 c6 3. Nf3 Nf6 4. Nc3 e6 5. g3 dxc4 6. Bg2 b5 7. O-O {[%emt 0:00:06] E04: Open Catalan: 5 Nf3.} Be7 8. Ne5 Nd5 9. a4 {[%emt 0:11:47][%mdl 1024] White has compensation. The position is equal.} f6 (9... b4 $1 $11 10. Nxd5 cxd5) 10. Nf3 {[%emt 0:26:33] White is more active.} (10. e4 $1 $16 Nxc3 11. Qh5+ g6 12. Nxg6 Ne2+ 13. Kh1 hxg6 14. Qxh8+ Kd7 15. Qg7) 10... b4 $11 11. Ne4 a5 12. Qc2 Ba6 13. Nc5 (13. Bh3 $11 {remains equal.}) 13... Bxc5 $17 14. dxc5 Nd7 $1 {[%emt 0:04:25] [#]} 15. e4 $146 ({Predecessor:} 15. Rd1 Nxc5 16. e4 O-O 17. exd5 cxd5 18. Be3 Nb3 19. Rab1 Qe8 20. Nd4 Nxd4 21. Rxd4 {0-1 (35) Mc Entee,T (2177)-Braunlich,T (2191) Ankeny 2006}) 15... b3 $1 16. Qd1 {[%emt 0:00:04] [#]} Nb4 17. Nd4 Qe7 18. Bf4 (18. Bd2 $17) 18... O-O-O $2 (18... Nxc5 $19 {aiming for ...0-0-0.} 19. e5 O-O 20. exf6 Qxf6) 19. Bd6 $36 {[%emt 0:00:38][%mdl 2048] Black is under strong pressure.} Qf7 {[%emt 0:00:46] ...e5 is the strong threat.} 20. Qe1 Ne5 {[%emt 0:08:42] [#]} (20... c3 $2 21. Qxc3 Bxf1 22. Rxf1 $18) 21. Qc3 Kb7 (21... Rhe8 $16) 22. f4 $18 Ned3 23. e5 Rc8 (23... Kc8 $142 24. Nxc6 Nxc6) 24. Rad1 $2 (24. Nb5 $18 {and the rest is easy.}) 24... f5 $2 {[%emt 0:00:22][%mdl 8192] [#]} (24... h5 $16 {is more resistant.}) 25. Rxd3 $1 cxd3 26. Nxb3 Ka8 (26... d2 $2 27. Nxa5+ Ka8 28. Rd1 $18) 27. Nxa5 Nd5 28. Qd2 h5 (28... g5 $142 29. Bxd5 (29. fxg5 h6 $18) 29... exd5 30. fxg5 h6 31. gxh6 Qe6) 29. b4 h4 30. b5 hxg3 31. hxg3 ({Not} 31. bxa6 Qh5 32. hxg3 Qh2+ 33. Kf2 Rh3 34. Qxd3 Nxf4 $18) 31... cxb5 32. axb5 {[%emt 0:00:35] Black must now prevent Nc4.} Bxb5 33. Ra1 {[%emt 0:00:55] Nc4+ would kill now.} Qa7 34. Qb4 Bc6 35. Qd4 {[%emt 0:00:01] Threatening mate with Nc4.} Rb8 36. Nxc6 {[%emt 0:00:28][%mdl 64] Pin.  Weighted Error Value: White=0.52/Black=0.82} 1-0

[Event "Austrian Championship 2022"]
[Site "Vienna"]
[Date "2022.08.12"]
[Round "1.14"]
[White "Scheffknecht, Philipp"]
[Black "Steindl, Johannes"]
[Result "1-0"]
[ECO "E81"]
[WhiteElo "2093"]
[BlackElo "2312"]
[Annotator "TA"]
[PlyCount "53"]
[EventDate "2022.08.12"]
[EventType "swiss"]
[EventCountry "AUT"]
[SourceTitle "playchess.com"]
[Source "ChessBase"]
[SourceQuality "1"]
[TimeControl "40/5400+30:1800+30"]

1. d4 Nf6 2. c4 g6 3. f3 Bg7 4. e4 d6 5. Nc3 O-O 6. Be3 c5 7. Nge2 Nc6 8. d5 Ne5 9. Ng3 h5 {[%emt 0:00:05] Hoping for ...h4.} 10. Be2 {[%emt 0:00:15] E81: King's Indian: Sämisch: 6th move deviations (including 6 Be3 c6).} h4 11. Nf1 e6 12. Bg5 {[%emt 0:05:59][%cal Be3g5,Bg5h4,Bh4e7,Be7d6,Bd6e5][%mdl 32] White is better.} (12. f4 Neg4 $11) 12... h3 13. g4 {[%emt 0:13:33] [#]} Qb6 $146 (13... exd5 $11 14. Nxd5 Be6) ({Predecessor:} 13... exd5 14. Nxd5 Ned7 15. Qd2 Nb6 16. Nfe3 Be6 17. Rg1 Bxd5 18. cxd5 Re8 19. Nd1 Nbd7 {1-0 (47) Lee,M (2372)-Mei,A (2336) San Jose 2022}) 14. Qd2 $14 Nh7 15. Bh4 Qb4 16. Nb5 (16. Ne3 $1 $16) 16... exd5 {[%emt 0:13:33] [#] Black cannot hold the game after this.} ({Black should try} 16... Qxd2+ $1 $14 17. Nxd2 g5) 17. Qxb4 $1 $18 cxb4 18. cxd5 f5 19. gxf5 (19. Nxd6 $6 fxe4 20. fxe4 (20. Nxc8 Raxc8 21. fxe4 Nf6 $15) 20... Nf3+ 21. Bxf3 Rxf3 $14) 19... gxf5 {[%emt 0:00:15] [#]} 20. Be7 $1 ({Don't take} 20. Nxd6 $6 fxe4 21. fxe4 Ng6 $14) 20... Rf7 (20... fxe4 {was worth a try.} 21. Bxf8 (21. fxe4 Re8 $14) 21... Kxf8) 21. Bxd6 fxe4 22. fxe4 Bd7 (22... Bg4 $142) 23. Rg1 ({Weaker is} 23. Bxb4 Bxb5 24. Bxb5 Nf3+ 25. Kd1 Nf6 $14) 23... Bxb5 24. Bxe5 Bxe2 25. Kxe2 Nf6 26. Ng3 {[%emt 0:06:57] aiming for Nf5.} Nxd5 27. Nh5 {[%emt 0:00:55] Weighted Error Value: White=0.13 (very precise) /Black=0.40} ({Not} 27. exd5 Re8 28. Nf5 Rxe5+ 29. Ne3 Rfe7 $15) 1-0

[Event "Austrian Championship 2022"]
[Site "Vienna"]
[Date "2022.08.12"]
[Round "1.15"]
[White "Schernthaner, David"]
[Black "Dotzer, Lukas"]
[Result "1/2-1/2"]
[ECO "B48"]
[WhiteElo "2319"]
[BlackElo "2269"]
[Annotator "TA"]
[PlyCount "105"]
[EventDate "2022.08.12"]
[EventType "swiss"]
[EventCountry "AUT"]
[SourceTitle "playchess.com"]
[Source "ChessBase"]
[SourceQuality "1"]
[TimeControl "40/5400+30:1800+30"]

1. e4 c5 2. Nf3 e6 3. d4 cxd4 4. Nxd4 Nc6 5. Nc3 Qc7 6. Be3 a6 7. Qd2 Nf6 8. O-O-O Be7 {[%emt 0:00:34] is cutting edge theory. B48: Sicilian: Taimanov: 5 Nc3 Qc7 6 Be3 a6 without Be2.} 9. f3 b5 10. g4 {[%emt 0:03:28][%cal Bg2g4,Bg4g5][%mdl 32] 10.Kb1 is not played anymore.} Nxd4 11. Bxd4 Bb7 12. g5 Nh5 13. Be5 Qxe5 14. Qxd7+ Kf8 15. Qxb7 {[%emt 0:00:12] Dancing on a razor blade.} Bxg5+ 16. Kb1 Qb8 17. Rd7 $36 {[%emt 0:03:36][%mdl 2048] White fights for an advantage.} Qxb7 18. Rxb7 Bf6 19. a4 Bxc3 20. bxc3 bxa4 21. Bc4 {[%emt 0:00:08] [#]} Rd8 $146 {[%emt 0:11:45] Against Rd1} ({Predecessor:} 21... g6 22. Rd1 Rc8 23. Ba2 Rg8 24. Rd6 g5 25. Rxa6 Rg6 26. Raa7 Rf6 27. e5 Rxf3 28. Bxe6 {½-½ (41) Motylev,A (2698)-Hou,Y (2629) Biel 2014}) 22. Bxa6 g6 (22... Nf4 $11) 23. c4 $14 Kg7 24. Bb5 (24. Kb2 $16) 24... Rd4 {[%emt 0:15:10] [#]} (24... Nf4 $11) 25. Kb2 $1 $16 Nf4 26. Ra1 Ra8 {[%emt 0:02:46] [#]} 27. Rxa4 (27. Kc3 $1 $16 Ne2+ 28. Kb2) 27... Rxa4 $11 28. Bxa4 {[%emt 0:00:04] Hoping for Kb3.} Rxc4 $16 {[%emt 0:00:22][%mdl 4096] Endgame KRB-KRN} 29. Be8 Kf8 30. Rxf7+ Kxe8 31. Rxf4 $14 {[%emt 0:00:05] KR-KR} Ke7 32. Kb3 Rd4 33. Rh4 h5 34. Kc3 e5 {[%emt 0:00:55] The position is equal.} 35. Rh3 Kf6 36. Kb3 Kg5 37. c3 Rd2 38. c4 {[%emt 0:04:46] Black must now prevent c5.} Kf4 39. c5 Rd4 $1 40. Kc3 {[%emt 0:01:41] Prevents Rd2.} g5 41. Rxh5 Kxf3 42. Rxg5 Kxe4 43. h4 {[%emt 0:06:01][%cal Bh2h4,Bh4h5,Bh5h6,Bh6h7][%mdl 32] aiming for c6.} Kd5 44. h5 Rc4+ 45. Kd3 Rxc5 46. h6 {[%emt 0:00:07] h7 would kill now.} Rc8 47. Ke3 Ke6 48. h7 {[%emt 0:01:31] Intending Rg8 and mate.} Rh8 49. Rh5 Kf6 50. Ke4 Kg6 51. Rh1 Rxh7 52. Rxh7 Kxh7 53. Kxe5 {[%emt 0:00:00] Weighted Error Value: White=0.09 (flawless) /Black=0.10 (very precise)} 1/2-1/2

[Event "Austrian Championship 2022"]
[Site "Vienna"]
[Date "2022.08.13"]
[Round "2.1"]
[White "Schroll, Gerhard"]
[Black "Blohberger, Felix"]
[Result "0-1"]
[ECO "A28"]
[WhiteElo "2281"]
[BlackElo "2492"]
[Annotator "TA"]
[PlyCount "34"]
[EventDate "2022.08.12"]
[EventType "swiss"]
[EventCountry "AUT"]
[SourceTitle "playchess.com"]
[Source "ChessBase"]
[SourceQuality "1"]
[TimeControl "40/5400+30:1800+30"]

1. c4 Nf6 2. Nc3 e5 3. e3 Nc6 4. Nf3 Bb4 5. Nd5 e4 6. Nxb4 Nxb4 7. Qb3 {[%emt 0:00:50] A28: English Opening: Four Knights Variation.} (7. a3 $11) 7... c5 $15 {[%emt 0:03:17] [#]} 8. Ng1 $146 ({Predecessor:} 8. Ng5 h6 9. Nh3 d5 10. a3 Nc6 11. cxd5 Nxd5 12. Qc4 Bxh3 13. gxh3 O-O 14. Be2 Re8 15. Rg1 Nb6 16. Qxc5 Re5 17. Qc3 Rc8 18. b4 Nd5 19. Qb3 Rg5 20. Rg3 Ne5 {½-½ (20) Antoms,G (2350)-Neiksans,A (2596) Liepaja 2015}) 8... O-O 9. f3 ({White should try} 9. a3 $15 Nc6 10. d3) 9... d5 $17 {[%emt 0:08:20] Black is more active.} 10. cxd5 (10. a3 $17 Nc6 11. cxd5 Nxd5 12. d3) 10... Bf5 {[%emt 0:05:44] aiming for ...exf3.} (10... Nbxd5 11. fxe4 Nb4 12. d3 $17) (10... Qxd5 11. Qxd5 Nfxd5 12. Kf2 $17) (10... Nfxd5 11. a3 Nc6 12. d3 $17) 11. a3 {[%emt 0:03:58] [#]} ({Don't blunder} 11. g4 $2 Nfxd5 $1 12. h4 (12. gxf5 $2 Qh4+ 13. Kd1 Qf2 $19) 12... Be6 $19) 11... Nbxd5 ({Not} 11... Qxd5 12. Qxd5 Nbxd5 13. b3 $11) (11... Qa5 $1 $19 {Hoping for ...exf3.} 12. g4 Bg6) 12. Be2 (12. Qxb7 $17 {was called for.} Nh5 13. Kf2) 12... Re8 $36 {[%emt 0:11:44][%mdl 2048] White is under strong pressure.} 13. fxe4 Bxe4 ({Weaker is} 13... Nxe4 14. Nf3 $17) 14. Nf3 Qd6 {[%emt 0:03:25] And now ...Ng4 would win.} 15. Qa2 $2 {[%emt 0:06:42][%mdl 8192] [#]} (15. O-O $17) 15... Nf4 $1 $19 16. exf4 (16. Qc4 Nxg2+) 16... Bxf3 17. gxf3 Qd3 {[%emt 0:00:07] Weighted Error Value: White=1.44/Black=0.15 (very precise)} 0-1

[Event "Austrian Championship 2022"]
[Site "Vienna"]
[Date "2022.08.13"]
[Round "2.1"]
[White "Fuchs, Patrick"]
[Black "Exler, Veronika"]
[Result "1-0"]
[ECO "B11"]
[WhiteElo "1990"]
[BlackElo "2132"]
[Annotator "TA"]
[PlyCount "49"]
[EventDate "2022.08.12"]
[EventType "swiss"]
[EventCountry "AUT"]
[SourceTitle "playchess.com"]
[Source "ChessBase"]
[SourceQuality "1"]
[TimeControl "40/5400+30:1800+30"]

1. e4 c6 2. Nc3 d5 3. Nf3 Bg4 4. h3 Bxf3 5. Qxf3 e6 6. d4 dxe4 7. Qxe4 {[%emt 0:00:07] B11: Caro-Kann: Two Knights Variation.} Nf6 8. Qd3 Be7 9. g3 {[%emt 0:00:48] The position is equal.} Nd5 {[%emt 0:10:21] 9...Na6 is the modern continuation.} (9... Na6 $5 ) 10. a3 Nxc3 11. Qxc3 Qd5 {[%emt 0:00:05] Inhibits Bg2.} 12. Rg1 {[%emt 0:00:50] [#]} Bf6 $146 ({Predecessor:} 12... a5 13. Be3 O-O 14. Qd3 a4 15. Bg2 Qa5+ 16. Bd2 Qb6 17. O-O-O Nd7 18. Bc3 Nf6 {½-½ (43) Ladron de Guevara Pinto,P (2325)-Rasmussen,K (2430) Granada 2014}) 13. Be3 Nd7 14. O-O-O Nb6 15. Kb1 {Against Qa2+} O-O-O 16. Be2 h5 17. Qb4 Qe4 18. Qa5 Bxd4 19. Rxd4 Rxd4 20. Qxa7 Kc7 {[%emt 0:00:30] [#] Threatens to win with ...Ra8.} 21. Bd3 {This bishop pair is nice.} Qd5 22. c4 $2 (22. Bxd4 $11 Qxd4 23. Qa5) 22... Qd7 $2 ({Not} 22... Qc5 $2 23. b4 Qe5 24. Qa5 Qxa5 25. bxa5 Rxd3 26. Bxb6+ Kd7 27. Kc2 Rxa3 28. Rd1+ Kc8 29. h4 $19) (22... Qe5 $19 {Strongly threatening ...Ra8.} 23. c5 Qxc5) 23. Qa5 $11 {Really sharp!} Rd8 $2 24. c5 {[%cal Bc4c5,Bc5b6][%mdl 96] [#] Pin} Rxd3 $2 (24... Qd5 $18) 25. cxb6+ {[%mdl 64] Discovered Attack.  Weighted Error Value: White=0.53/Black=1.02} 1-0

[Event "Austrian Championship 2022"]
[Site "Vienna"]
[Date "2022.08.13"]
[Round "2.2"]
[White "Horvath, Dominik"]
[Black "Schnepp, Gunnar"]
[Result "1-0"]
[ECO "B22"]
[WhiteElo "2488"]
[BlackElo "2265"]
[Annotator "TA"]
[PlyCount "63"]
[EventDate "2022.08.12"]
[EventType "swiss"]
[EventCountry "AUT"]
[SourceTitle "playchess.com"]
[Source "ChessBase"]
[SourceQuality "1"]
[TimeControl "40/5400+30:1800+30"]

1. e4 c5 2. c3 Nf6 3. e5 Nd5 4. Bc4 e6 5. d4 d6 6. Nf3 Nc6 7. O-O cxd4 8. cxd4 Be7 9. Qe2 a6 {[%emt 0:01:34] B22: Sicilian: 2 c3.} 10. Qe4 O-O 11. Bb3 {[%emt 0:00:00] [#]} Bd7 $146 {[%emt 0:15:17] The position is equal.} ({Predecessor:} 11... Rb8 12. Nc3 Nxc3 13. bxc3 dxe5 14. dxe5 Qc7 15. Bc2 g6 16. Bh6 Rd8 17. Rae1 Rd5 18. Re3 {0-1 (59) Eder,M (2170)-Csonka,A (2362) Graz 2021}) 12. Nc3 Nxc3 13. bxc3 d5 14. Qg4 f5 15. exf6 Bxf6 16. Qg3 b5 17. Bc2 b4 18. Ng5 ({Don't play} 18. Qh3 g6 19. Ba4 Rc8 20. Bxc6 Rxc6 21. cxb4 e5 $15) 18... Bxg5 19. Bxg5 Qe8 20. Qh3 $40 {[%emt 0:00:00][%mdl 128] Black needs to defend precisely. White is more active.} h6 21. Qd3 {[%emt 0:00:00] [#] White wants to mate with Qh7+.} Rf5 (21... Qh5 $1 $14 22. Bd2 (22. Qh7+ Kf7 $11) 22... Ne7) 22. Bd2 $16 bxc3 23. Qxc3 Rf6 24. Rab1 ({White should play} 24. Qd3 $16) 24... Rb8 (24... Ne7 $14) 25. Qd3 a5 $2 {[%emt 0:01:04] Black cannot hold the game after this.} (25... Kf7 $16 26. h3 a5) 26. Rxb8 $18 Qxb8 27. Rb1 Qa7 $2 (27... Qf8 28. Qh7+ (28. Rb7 Qc8 $16) 28... Kf7) 28. Qh7+ {[%emt 0:00:00] White is clearly winning.} Kf7 29. Bd1 {[%emt 0:00:00] [#] Threatening mate with Bh5+. This bishop pair is nice.} Qxd4 (29... Rf5 $142 30. Bg4 Qxd4 31. Bxf5 exf5) 30. Bh5+ Kf8 31. Be3 Qc3 32. Rc1 {[%emt 0:00:00] Weighted Error Value: White=0.09 (flawless) /Black=0.40} 1-0

[Event "Austrian Championship 2022"]
[Site "Vienna"]
[Date "2022.08.13"]
[Round "2.3"]
[White "Stanec, Nikolaus"]
[Black "Hechl, Gerald"]
[Result "1-0"]
[ECO "D02"]
[WhiteElo "2460"]
[BlackElo "2222"]
[Annotator "TA"]
[PlyCount "59"]
[EventDate "2022.08.12"]
[EventType "swiss"]
[EventCountry "AUT"]
[SourceTitle "playchess.com"]
[Source "ChessBase"]
[SourceQuality "1"]
[TimeControl "40/5400+30:1800+30"]

1. Nf3 d5 2. g3 Nd7 3. d4 b5 4. Bg2 e6 5. O-O Bb7 6. e4 {[%emt 0:04:19] D02: 1 d4 d5 2 Nf3 sidelines, including 2...Nf6 3 g3 and 2...Nf6 3 Bf4.} dxe4 7. Ng5 Ngf6 {[%emt 0:00:15] Prevents Qh5.} 8. Nc3 {[%emt 0:00:52][%csl LRb5,LRe4] [#] The position is equal.} b4 $146 ({Predecessor:} 8... a6 9. Ncxe4 Bd5 10. Re1 h6 11. Nxf6+ Nxf6 12. Ne4 Be7 13. Nxf6+ Bxf6 14. Bxd5 Qxd5 {½-½ (20) Ding,L (2774)-Vallejo Pons,F (2705) Palma de Mallorca 2017}) 9. Ncxe4 Bd5 10. Qe2 {[%emt 0:08:26][%cal Og5f7] aiming for Nxf7!} Be7 $2 {[%emt 0:05:54][%mdl 8192] [#]} (10... Nxe4 $11 {and Black stays safe.} 11. Nxe4 (11. Bxe4 Nf6 $11) 11... Be7) 11. Nxf7 $1 $18 Kxf7 12. Ng5+ Ke8 13. Bxd5 {[%emt 0:00:22][%mdl 64] Remove Defender} (13. Nxe6 Bxe6 14. Qxe6 Rb8 $16) 13... exd5 {[%emt 0:00:21] [#]} 14. Ne6 $1 (14. Qe6 Rf8 $11) 14... Qc8 {[%emt 0:00:37] [#]} 15. Re1 $1 (15. Nxg7+ Kf7 $11) 15... Ne4 (15... Bd6 {was necessary.} 16. Nxc7+ (16. Nxg7+ Kf7 $15) 16... Kf8 17. Nxa8 Qxa8) 16. Nxg7+ Kf7 $2 (16... Kd8 $2 17. Ne6+ Ke8 18. Qh5#) (16... Kf8 17. Bh6 (17. Qg4 Ndf6 $11) 17... Rg8 18. Nf5+ Kf7) 17. Nf5 $2 (17. Qg4 Ndf6 18. Qxc8 Rhxc8 $17) (17. Qh5+ Kg8 18. Nf5) 17... Ndf6 18. Nxe7 Kxe7 19. f3 {[%emt 0:00:33][%mdl 64] Pin} Qe6 20. fxe4 Nxe4 21. Qh5 (21. Bf4 $18 {is more deadly.}) 21... Raf8 $16 22. Bh6 {[%emt 0:00:00] Dancing on a razor blade.} (22. a3 $16) 22... Rf5 $14 23. Qh4+ Kd7 24. Rf1 Nd6 25. Bf4 $36 {[%emt 0:00:00][%mdl 2048] White is really pushing.} Qe4 26. c3 ({But not} 26. Rae1 Qxd4+ 27. Kg2 Kc6 $14) 26... bxc3 27. bxc3 {[%emt 0:00:00] Hoping for Rae1.} Re8 (27... Qe6 $16 28. Rab1 (28. Be5 Rhf8 $16) 28... h5) 28. Qxh7+ $18 Kc6 {[%emt 0:00:04][%cal Of5f4] And now ...Rxf4! would win.} 29. Qh3 Nc4 $2 (29... Rf6 30. Rf2 Qd3) 30. Rae1 {[%emt 0:00:00] Weighted Error Value: White=0.27 (precise) /Black=0.41} ({Not} 30. Qh7 Nd6 $18) 1-0

[Event "Austrian Championship 2022"]
[Site "Vienna"]
[Date "2022.08.13"]
[Round "2.3"]
[White "Kordzadze, Nino"]
[Black "Sucher, Johannes"]
[Result "1-0"]
[ECO "A21"]
[WhiteElo "2043"]
[BlackElo "2164"]
[Annotator "TA"]
[PlyCount "29"]
[EventDate "2022.08.12"]
[EventType "swiss"]
[EventCountry "AUT"]
[SourceTitle "playchess.com"]
[Source "ChessBase"]
[SourceQuality "1"]
[TimeControl "40/5400+30:1800+30"]

1. c4 e5 2. g3 g6 3. Bg2 Bg7 4. Nc3 Ne7 5. Rb1 O-O {[%emt 0:04:36] [#]} 6. h4 $146 {[%emt 0:06:41] A21: English Opening: 1...e5 2 Nc3.} ({Predecessor:} 6. d3 c6 7. e4 Na6 8. Nge2 Nc7 9. Qb3 b5 10. Be3 bxc4 11. dxc4 Ne6 12. O-O Nd4 {0-1 (38) Kostic,N (2335)-Spasov,V (2585) Nis 1997}) 6... c6 7. c5 d5 {[%emt 0:04:59] aiming for ...Bg4.} 8. cxd6 $1 {[%emt 0:00:29] The position is equal.} Qxd6 (8... Nf5 $11) 9. Nf3 (9. h5 $1 $14) 9... h6 $11 10. d3 Be6 (10... f5 $11 {remains equal.}) 11. Bd2 ({White should try} 11. h5 $16) 11... f5 $1 $15 12. Qc1 f4 (12... Kh7 $1 $11) 13. gxf4 exf4 14. Ne4 Qc7 15. Bb4 {[%emt 0:03:25] Weighted Error Value: White=0.37/Black=0.31} 1-0